[Event "42nd Olympiad Baku 2016 Open"]
[Site "Baku"]
[Date "2016.09.05"]
[Round "4.22"]
[White "Iordachescu, Viorel"]
[Black "Khusenkhojaev, Muhammad"]
[Result "1-0"]
[ECO "C95"]
[WhiteElo "2584"]
[BlackElo "2436"]
[Annotator ""]
[PlyCount "115"]
[EventDate "2016.??.??"]
[EventCountry "AZE"]
[SourceTitle "playchess.com"]
[Source "ChessBase"]
[WhiteTeam "Moldova"]
[BlackTeam "Tajikistan"]
[WhiteTeamCountry "MDA"]
[BlackTeamCountry "TJK"]
[TimeControl "40/5400+30:1800+30"]

1. e4 {(00:00)} e5 {(00:00)} 2. Nf3 {(00:11)} Nc6 {
(00:00)} 3. Bb5 {(00:19)} a6 {(00:00)} 4. Ba4 {(00:
20)} Nf6 {(00:00)} 5. O-O {(00:11)} Be7 {(00:07)} 6. Re1 {
(00:22)} b5 {(00:14)} 7. Bb3 {(00:06)} d6 {(00:06)}
8. c3 {(00:16)} O-O {(00:08)} 9. h3 {(00:12)} Nb8 {
(00:12)} 10. d4 {(02:02)} Nbd7 {(00:09)} 11. Nbd2 {
(00:19)} Bb7 {(00:06)} 12. Bc2 {(00:42)} Re8 {(00:
17)} 13. Nf1 {(00:36)} Bf8 {(00:13)} 14. Bg5 {(00:52)} h6
{(01:03)} 15. Bh4 {(00:10)} g5 {(08:34)} 16. dxe5 {
(00:33)} Nxe5 {(26:39)} 17. Bg3 {(00:17)} Ng6 {(03:
48)} 18. Qb1 {(22:51)} c5 {(15:45)} 19. Bh2 {(01:56)} Nh5
{(05:47)} 20. Qd1 {(06:14)} d5 {(01:37)} 21. e5 {(
05:36)} Nhf4 {(00:17)} 22. Ng3 {(07:34)} d4 {(08:51)} 23.
cxd4 {(04:52)} Nxg2 {(00:40)} 24. Bxg6 {(17:18)} Nxe1 {
(00:15)} 25. Be4 {(00:31)} Nxf3+ {(03:05)} 26. Qxf3 {
(00:09)} Bxe4 {(00:23)} 27. Nxe4 {(00:08)} Bg7 {(
02:58)} 28. Nd6 {(01:11)} Re7 {(07:11)} 29. Nf5 {(02:07)}
Rd7 {(01:27)} 30. d5 {(00:34)} Raa7 {(02:55)} 31. Rd1 {
(02:33)} c4 {(00:39)} 32. Qe4 {(01:54)} Qe8 {(00:
28)} 33. h4 {(02:27)} b4 {(03:33)} 34. Nxg7 {(02:29)} Kxg7
{(00:10)} 35. Qxc4 {(00:15)} Qe7 {(04:15)} 36. Qe4 {
(01:13)} a5 {(00:28)} 37. Kg2 {(01:42)} Ra6 {(00:
15)} 38. h5 {(01:44)} Qe8 {(01:38)} 39. Qf5 {(04:17)} Kg8
{(00:52)} 40. Rd3 {(00:00)} a4 {(00:00)} 41. f4 {(
21:26)} Ra5 {(04:06)} 42. d6 {(07:35)} Qe6 {(08:42)} 43.
Qe4 {(01:26)} gxf4 {(09:44)} 44. Bxf4 {(01:00)} f5 {
(00:06)} 45. Rg3+ {(04:47)} Kh7 {(00:22)} 46. Rg6 {
(03:55)} Rg7 {(06:11)} 47. Rxg7+ {(02:55)} Kxg7 {(
00:05)} 48. Qb7+ {(00:34)} Qf7 {(01:20)} 49. Bxh6+ {(01:
18)} Kg8 {(00:04)} 50. Qxf7+ {(00:56)} Kxf7 {(00:07)} 51.
Bg5 {(00:11)} Ke6 {(05:06)} 52. h6 {(00:46)} Ra8 {(
03:24)} 53. Bf6 {(00:25)} Ra7 {(00:38)} 54. Kf3 {(00:32)}
b3 {(01:01)} 55. a3 {(00:15)} Rb7 {(00:44)} 56. Bg7 {
(00:35)} Kf7 {(00:41)} 57. Kf4 {(00:31)} Rb5 {(00:
25)} 58. Bf6 {(00:48)} 1-0

[Event "42nd Olympiad Baku 2016 Open"]
[Site "Baku"]
[Date "2016.09.05"]
[Round "4.13"]
[White "Ip, Seng Tou"]
[Black "Harper, Ryan"]
[Result "0-1"]
[ECO "B49"]
[WhiteElo "1675"]
[BlackElo "2215"]
[Annotator ""]
[PlyCount "48"]
[EventDate "2016.??.??"]
[EventCountry "AZE"]
[SourceTitle "playchess.com"]
[Source "ChessBase"]
[WhiteTeam "Macau"]
[BlackTeam "TTO"]
[WhiteTeamCountry "MAC"]
[TimeControl "40/5400+30:1800+30"]

1. e4 {(00:00)} c5 {(00:00)} 2. Nf3 {(00:00)} e6 {(
00:00)} 3. d4 {(00:00)} cxd4 {(00:00)} 4. Nxd4 {(00:02)}
Nc6 {(00:14)} 5. Nc3 {(00:44)} Qc7 {(00:24)} 6. Be3 {
(01:28)} a6 {(00:19)} 7. Be2 {(00:54)} Bb4 {(02:13]
} 8. Qd2 {(02:49)} Nf6 {(01:02)} 9. f3 {(01:18)} d5 {
(07:59)} 10. exd5 {(10:55)} Nxd5 {(00:59)} 11. a3 {
(02:45)} Nxe3 {(00:42)} 12. Qxe3 {(00:17)} Bc5 {(
00:11)} 13. O-O-O {(03:11)} Nxd4 {(00:18)} 14. Qg5 {(02:
15)} Nxe2+ {(01:02)} 15. Nxe2 {(00:11)} O-O {(00:51)} 16.
Ng3 {(02:12)} h6 {(02:48)} 17. Qd2 {(01:31)} Be7 {(
00:28)} 18. Qe2 {(01:50)} Bd7 {(00:56)} 19. Ne4 {(03:14)}
Rac8 {(00:35)} 20. g4 {(02:53)} Ba4 {(02:49)} 21. Nc3 {
(02:34)} Qf4+ {(01:35)} 22. Kb1 {(01:45)} Bc6 {(00:
36)} 23. Qf2 {(04:32)} Qxf3 {(01:10)} 24. Qxf3 {(00:43)}
Bxf3 {(00:01)} 0-1

[Event "42nd Olympiad Baku 2016 Open"]
[Site "Baku"]
[Date "2016.09.05"]
[Round "4.9"]
[White "Ismael, Namir Mohammed Isma"]
[Black "Ftacnik, Lubomir"]
[Result "0-1"]
[ECO "A46"]
[WhiteElo "2161"]
[BlackElo "2548"]
[Annotator ""]
[PlyCount "58"]
[EventDate "2016.??.??"]
[EventCountry "AZE"]
[SourceTitle "playchess.com"]
[Source "ChessBase"]
[WhiteTeam "Iraq"]
[BlackTeam "Slovakia"]
[WhiteTeamCountry "IRQ"]
[BlackTeamCountry "SVK"]
[TimeControl "40/5400+30:1800+30"]

1. d4 {(00:00)} Nf6 {(00:00)} 2. Nf3 {(00:00)} c5 {
(00:00)} 3. e3 {(02:42)} g6 {(00:26)} 4. dxc5 {(00:
41)} Qa5+ {(01:07)} 5. Nbd2 {(00:49)} Bg7 {(01:33)} 6. a3
{(01:56)} Qxc5 {(00:15)} 7. b4 {(02:09)} Qc7 {(00:
17)} 8. Bb2 {(00:15)} O-O {(00:23)} 9. c4 {(01:49)} b6 {
(01:53)} 10. Be2 {(04:30)} Bb7 {(01:59)} 11. Rc1 {(
03:41)} d6 {(01:08)} 12. O-O {(00:31)} Nbd7 {(00:57)} 13.
h3 {(18:32)} Rac8 {(06:00)} 14. Nd4 {(07:24)} a6 {(
02:12)} 15. Bf3 {(12:53)} e5 {(04:05)} 16. Bxb7 {(02:53)}
Qxb7 {(00:08)} 17. Ne2 {(09:12)} b5 {(06:53)} 18. Qb3 {
(11:25)} Nb6 {(01:50)} 19. Rfd1 {(03:33)} Rfd8 {(
02:43)} 20. cxb5 {(01:06)} axb5 {(00:58)} 21. Rxc8 {(06:
17)} Rxc8 {(00:41)} 22. Rc1 {(00:21)} Rxc1+ {(02:45)} 23.
Nxc1 {(00:44)} Ne4 {(08:22)} 24. Qc2 {(04:30)} Nxd2 {
(00:29)} 25. Qxd2 {(00:04)} Nc4 {(00:51)} 26. Qc2 {
(01:57)} Qa8 {(03:40)} 27. Qb3 {(00:20)} Qe4 {(01:
22)} 28. Nd3 {(02:32)} Nxb2 {(00:47)} 29. Nxb2 {(00:16)}
Qb1+ {(00:11)} 0-1

[Event "42nd Olympiad Baku 2016 Open"]
[Site "Baku"]
[Date "2016.09.05"]
[Round "4.29"]
[White "Ivanisevic, Ivan"]
[Black "Beliavsky, Alexander G"]
[Result "1/2-1/2"]
[ECO "E32"]
[WhiteElo "2650"]
[BlackElo "2602"]
[Annotator ""]
[PlyCount "80"]
[EventDate "2016.??.??"]
[EventCountry "AZE"]
[SourceTitle "playchess.com"]
[Source "ChessBase"]
[WhiteTeam "Serbia"]
[BlackTeam "Slovenia"]
[WhiteTeamCountry "SRB"]
[BlackTeamCountry "SLO"]
[TimeControl "40/5400+30:1800+30"]

1. d4 {(00:00)} Nf6 {(00:00)} 2. c4 {(00:00)} e6 {(
00:00)} 3. Nc3 {(00:00)} Bb4 {(00:04)} 4. Qc2 {(00:00)}
O-O {(00:25)} 5. a3 {(02:44)} Bxc3+ {(00:14)} 6. Qxc3 {
(00:06)} b6 {(00:35)} 7. Bg5 {(00:40)} Bb7 {(00:20]
} 8. e3 {(00:20)} d6 {(00:45)} 9. Nf3 {(00:32)} Nbd7 {
(02:04)} 10. Nd2 {(02:07)} Rc8 {(09:25)} 11. Bd3 {(
03:21)} c5 {(03:29)} 12. O-O {(00:16)} cxd4 {(07:21)} 13.
exd4 {(01:13)} d5 {(04:42)} 14. b3 {(01:36)} h6 {(
07:38)} 15. Bh4 {(00:33)} dxc4 {(01:24)} 16. bxc4 {(00:07]
} e5 {(16:50)} 17. dxe5 {(09:23)} Nxe5 {(04:48)} 18. Bf5 {
(00:08)} Rc5 {(02:57)} 19. Rad1 {(00:48)} Qd6 {(08:
14)} 20. Qh3 {(29:22)} Qc6 {(03:52)} 21. Nb3 {(01:45)} Nh5
{(05:48)} 22. f4 {(18:28)} Rxc4 {(01:16)} 23. Nd4 {
(04:45)} Qa4 {(03:04)} 24. fxe5 {(09:23)} Rxd4 {(
00:25)} 25. Bc2 {(00:37)} Nf4 {(08:44)} 26. Qf5 {(03:10)}
Ne2+ {(00:36)} 27. Kh1 {(00:52)} g6 {(00:20)} 28. Bxa4 {
(03:38)} gxf5 {(00:04)} 29. Rxd4 {(02:00)} Nxd4 {(
00:04)} 30. Bd7 {(01:02)} Be4 {(01:50)} 31. Rd1 {(02:12)}
Ne6 {(02:11)} 32. Be7 {(01:11)} Rb8 {(00:29)} 33. h4 {
(02:06)} Nc5 {(01:22)} 34. Bb5 {(00:14)} Rc8 {(01:
18)} 35. Bf6 {(00:16)} Ne6 {(00:44)} 36. Bd7 {(01:51)} Rc2
{(01:23)} 37. Bxe6 {(00:36)} fxe6 {(00:01)} 38. Rd8+ {
(00:28)} Kf7 {(00:09)} 39. h5 {(00:11)} Rxg2 {(00:
30)} 40. Rd7+ {(00:00)} Ke8 {(00:00)} 1/2-1/2

[Event "42nd Olympiad Baku 2016 Open"]
[Site "Baku"]
[Date "2016.09.05"]
[Round "4.31"]
[White "Izijk, Jimmy"]
[Black "Orio, Rogelio L"]
[Result "1-0"]
[ECO "A41"]
[WhiteElo "1991"]
[BlackElo "1781"]
[Annotator ""]
[PlyCount "101"]
[EventDate "2016.??.??"]
[EventCountry "AZE"]
[SourceTitle "playchess.com"]
[Source "ChessBase"]
[WhiteTeam "Netherlands Antilles"]
[BlackTeam "GUM"]
[WhiteTeamCountry "AHO"]
[TimeControl "40/5400+30:1800+30"]

1. d4 {(00:00)} d6 {(00:00)} 2. Nf3 {(00:35)} Nf6 {
(00:18)} 3. g3 {(00:27)} c6 {(01:38)} 4. Bg2 {(00:
12)} Bf5 {(00:48)} 5. O-O {(01:20)} h6 {(00:50)} 6. c4 {
(00:05)} Qd7 {(02:50)} 7. Re1 {(00:39)} Bh3 {(00:
57)} 8. Bh1 {(00:26)} Na6 {(00:57)} 9. Nc3 {(00:30)} Nc7 {
(01:47)} 10. Qb3 {(02:56)} Rb8 {(06:12)} 11. e4 {(
02:18)} Ng4 {(03:24)} 12. Bd2 {(14:35)} e5 {(00:28)} 13.
Rad1 {(00:54)} exd4 {(05:08)} 14. Nxd4 {(00:44)} g6 {
(04:35)} 15. Nce2 {(03:14)} Bg7 {(00:39)} 16. Bc3 {
(00:52)} O-O {(00:53)} 17. Nf4 {(01:52)} Ne5 {(00:
49)} 18. Nf3 {(10:36)} Nxf3+ {(03:23)} 19. Bxf3 {(00:05)}
Be6 {(00:21)} 20. Bxg7 {(04:42)} Kxg7 {(00:26)} 21. e5 {
(05:53)} Ne8 {(01:26)} 22. exd6 {(00:46)} Rd8 {(02:
37)} 23. Qc3+ {(01:10)} Kh7 {(01:45)} 24. Nxe6 {(04:12)}
fxe6 {(00:09)} 25. c5 {(01:54)} Qf7 {(00:43)} 26. Re3 {
(02:38)} h5 {(05:09)} 27. Rd2 {(02:53)} Rd7 {(03:
17)} 28. Qe5 {(03:47)} Ng7 {(00:39)} 29. Be4 {(02:04)} a5
{(01:57)} 30. Rf3 {(00:46)} Nf5 {(01:55)} 31. h3 {(
00:55)} Qe8 {(08:51)} 32. g4 {(01:15)} Rg7 {(06:33)} 33.
Kf1 {(07:07)} Qf7 {(11:42)} 34. gxf5 {(06:00)} exf5 {
(00:46)} 35. Bc2 {(01:05)} Re8 {(00:34)} 36. Qd4 {(
01:27)} Qd7 {(05:19)} 37. Re3 {(00:33)} Rxe3 {(04:34)} 38.
Qxe3 {(01:01)} Rf7 {(00:16)} 39. Bb3 {(00:43)} Rg7 {
(02:01)} 40. Re2 {(00:00)} f4 {(00:00)} 41. Qe6 {(
09:58)} f3 {(00:47)} 42. Re4 {(01:29)} Qd8 {(00:45)} 43.
Rf4 {(03:02)} Qg5 {(01:32)} 44. Rxf3 {(00:31)} Qxc5 {
(01:12)} 45. d7 {(04:35)} Qc1+ {(00:50)} 46. Kg2 {(
00:08)} Qg5+ {(00:41)} 47. Kh2 {(00:06)} Kh6 {(03:34)} 48.
Rg3 {(07:06)} Qd8 {(01:25)} 49. Bc2 {(00:50)} Qc7 {
(00:30)} 50. d8=Q Qxd8 {(02:11)} 51. Rxg6+ {(01:00)} 1-0

[Event "42nd Olympiad Baku 2016 Open"]
[Site "Baku"]
[Date "2016.09.05"]
[Round "4.34"]
[White "Jamena, Joseph Mensah"]
[Black "Khan, Taffin"]
[Result "1-0"]
[ECO "B18"]
[WhiteElo "1992"]
[BlackElo "1877"]
[Annotator ""]
[PlyCount "43"]
[EventDate "2016.??.??"]
[EventCountry "AZE"]
[SourceTitle "playchess.com"]
[Source "ChessBase"]
[WhiteTeam "Ghana"]
[BlackTeam "Guyana"]
[WhiteTeamCountry "GHA"]
[BlackTeamCountry "GUY"]
[TimeControl "40/5400+30:1800+30"]

1. e4 {(00:00)} c6 {(00:00)} 2. d4 {(00:00)} d5 {(
00:00)} 3. Nc3 {(00:00)} dxe4 {(00:00)} 4. Nxe4 {(00:00)}
Bf5 {(00:12)} 5. Ng3 {(00:00)} Bg6 {(00:08)} 6. Bc4 {
(00:10)} e6 {(00:11)} 7. Nf3 {(00:21)} h6 {(00:39)}
8. Ne5 {(01:36)} Bh7 {(01:28)} 9. Qe2 {(05:33)} Qc8 {
(00:28)} 10. Qf3 {(03:11)} Nf6 {(00:12)} 11. Bxh6 {
(04:41)} Bxc2 {(00:10)} 12. Bg5 {(04:05)} Be7 {(01:
03)} 13. O-O {(05:35)} Nbd7 {(05:01)} 14. Qe2 {(06:48)}
Qc7 {(27:16)} 15. Nxd7 {(02:46)} Qxd7 {(00:15)} 16. Qxc2 {
(00:23)} Qxd4 {(00:39)} 17. Rad1 {(01:34)} Qe5 {(
01:15)} 18. Be3 {(07:33)} Ng4 {(01:40)} 19. Bd4 {(00:30)}
Qg5 {(00:55)} 20. h3 {(00:30)} c5 {(12:38)} 21. Bc3 {
(03:14)} Qh4 {(02:33)} 22. Bxe6 1-0

[Event "42nd Olympiad Baku 2016 Open"]
[Site "Baku"]
[Date "2016.09.05"]
[Round "4.21"]
[White "Jessel, Stephen"]
[Black "Le, Quang Liem"]
[Result "0-1"]
[ECO "A04"]
[WhiteElo "2367"]
[BlackElo "2723"]
[Annotator ""]
[PlyCount "68"]
[EventDate "2016.??.??"]
[EventCountry "AZE"]
[SourceTitle "playchess.com"]
[Source "ChessBase"]
[WhiteTeam "Ireland"]
[BlackTeam "Vietnam"]
[WhiteTeamCountry "IRL"]
[BlackTeamCountry "VIE"]
[TimeControl "40/5400+30:1800+30"]

1. Nf3 {(00:00)} f5 {(00:00)} 2. g3 {(00:02)} Nf6 {
(00:04)} 3. Bg2 {(00:12)} g6 {(00:17)} 4. O-O {(00:
15)} Bg7 {(00:09)} 5. d4 {(00:35)} O-O {(00:11)} 6. b4 {
(00:49)} c6 {(01:43)} 7. c4 {(06:15)} d5 {(06:27)}
8. Qc2 {(18:56)} Ne4 {(00:52)} 9. Nbd2 {(07:40)} Be6 {
(01:58)} 10. c5 {(08:00)} a5 {(07:26)} 11. bxa5 {(
08:18)} Qxa5 {(07:11)} 12. Nb3 {(00:57)} Qa4 {(13:42)} 13.
Bf4 {(09:35)} Nd7 {(00:47)} 14. Be5 {(10:59)} Bxe5 {
(11:44)} 15. Nxe5 {(00:19)} Nexc5 {(00:42)} 16. Nxg6 {
(04:21)} hxg6 {(01:47)} 17. dxc5 {(02:25)} Bf7 {(
00:29)} 18. Rfd1 {(05:42)} e5 {(03:26)} 19. f4 {(01:42)}
Qc4 {(05:26)} 20. Qb2 {(06:14)} Rfe8 {(01:14)} 21. fxe5 {
(03:51)} Nxc5 {(07:44)} 22. Rac1 {(01:51)} Na4 {(
01:35)} 23. Qd2 {(00:14)} Qg4 {(03:19)} 24. Bf3 {(01:37)}
Qh3 {(00:10)} 25. Qg5 {(01:07)} Qh8 {(00:53)} 26. e6 {
(00:31)} Rxe6 {(00:12)} 27. Nd4 {(00:14)} Re5 {(00:
21)} 28. Rd2 {(00:46)} Rae8 {(02:59)} 29. h4 {(00:24)} Qg7
{(00:21)} 30. Kf2 {(00:37)} Nb6 {(03:36)} 31. Rb2 {
(00:31)} f4 {(01:36)} 32. Qxf4 {(00:28)} Re4 {(00:
14)} 33. Bxe4 {(00:30)} Qxd4+ {(00:09)} 34. Qe3 {(00:32)}
Qxb2 {(00:13)} 0-1

[Event "42nd Olympiad Baku 2016 Open"]
[Site "Baku"]
[Date "2016.09.05"]
[Round "4.8"]
[White "Jezov, Roman"]
[Black "Kostenko, Petr"]
[Result "1/2-1/2"]
[ECO "C11"]
[WhiteElo "2283"]
[BlackElo "2476"]
[Annotator ""]
[PlyCount "54"]
[EventDate "2016.??.??"]
[EventCountry "AZE"]
[SourceTitle "playchess.com"]
[Source "ChessBase"]
[WhiteTeam "Estonia"]
[BlackTeam "Kazakhstan"]
[WhiteTeamCountry "EST"]
[BlackTeamCountry "KAZ"]
[TimeControl "40/5400+30:1800+30"]

1. e4 {(00:00)} e6 {(00:00)} 2. d4 {(00:00)} d5 {(
00:04)} 3. Nc3 {(00:28)} Nf6 {(00:07)} 4. Bg5 {(00:41)}
dxe4 {(00:07)} 5. Nxe4 {(00:06)} Nbd7 {(00:06)} 6. Nf3 {
(00:53)} h6 {(00:08)} 7. Nxf6+ {(00:45)} Nxf6 {(00:
10)} 8. Bxf6 {(00:07)} Qxf6 {(00:04)} 9. Bb5+ {(01:22)} c6
{(00:05)} 10. Bd3 {(00:05)} Bd7 {(10:00)} 11. Qe2 {
(01:12)} c5 {(08:58)} 12. O-O-O {(11:33)} O-O-O {(
00:31)} 13. Bb5 {(11:34)} Bxb5 {(13:51)} 14. Qxb5 {(01:09]
} Qf4+ {(00:27)} 15. Kb1 {(00:14)} cxd4 {(00:30)} 16. Qc4+
{(03:48)} Qc7 {(00:16)} 17. Qxc7+ {(02:45)} Kxc7 {(
01:34)} 18. Ne5 {(01:01)} Rd5 {(04:52)} 19. Nxf7 {(00:22)}
Rg8 {(00:16)} 20. Rhe1 {(06:19)} Rf5 {(01:03)} 21. Ne5 {
(00:16)} Rxf2 {(01:02)} 22. Rxd4 {(00:23)} Rxg2 {(
03:02)} 23. Rc4+ {(03:43)} Kd6 {(05:03)} 24. Rd4+ {(05:05]
} Kc7 {(04:52)} 25. Rc4+ {(01:02)} Kd6 {(04:58)} 26. Rd4+
{(03:00)} Kc7 {(00:07)} 27. Rc4+ {(00:06)} Kd6 1/2-1/2

[Event "42nd Olympiad Baku 2016 Open"]
[Site "Baku"]
[Date "2016.09.05"]
[Round "4.9"]
[White "Jobava, Baadur"]
[Black "Topalov, Veselin"]
[Result "1-0"]
[ECO "A45"]
[WhiteElo "2665"]
[BlackElo "2768"]
[Annotator ""]
[PlyCount "83"]
[EventDate "2016.??.??"]
[EventCountry "AZE"]
[SourceTitle "playchess.com"]
[Source "ChessBase"]
[WhiteTeam "Georgia"]
[BlackTeam "Bulgaria"]
[WhiteTeamCountry "GEO"]
[BlackTeamCountry "BUL"]
[TimeControl "40/5400+30:1800+30"]

1. d4 {(00:00)} Nf6 {(00:00)} 2. Nc3 {(00:14)} d5 {
(00:00)} 3. Bf4 {(00:09)} e6 {(02:22)} 4. Nb5 {(00:
15)} Na6 {(01:09)} 5. a3 {(00:14)} c6 {(03:46)} 6. Nc3 {
(00:08)} Bd6 {(02:58)} 7. e3 {(00:40)} Nc7 {(02:10]
} 8. Nf3 {(01:00)} Bxf4 {(01:40)} 9. exf4 {(00:08)} Qd6 {
(00:07)} 10. Ne5 {(03:50)} b6 {(01:06)} 11. Qf3 {(
01:50)} c5 {(10:00)} 12. Nb5 {(15:59)} Nxb5 {(00:21)} 13.
Bxb5+ {(00:06)} Bd7 {(00:10)} 14. Nxd7 {(00:08)} Nxd7 {
(00:09)} 15. O-O-O {(01:40)} O-O {(10:41)} 16. Bxd7 {
(00:07)} Qxd7 {(00:07)} 17. f5 {(00:25)} Qe7 {(03:
22)} 18. Rhe1 {(10:13)} cxd4 {(04:16)} 19. Rxd4 {(01:33)}
Qf6 {(00:23)} 20. Qf4 {(04:57)} Rae8 {(03:31)} 21. Re5 {
(00:56)} exf5 {(03:42)} 22. Rdxd5 {(02:26)} Rxe5 {(
00:48)} 23. Rxe5 {(00:05)} g6 {(00:21)} 24. Re2 {(09:54)}
Rd8 {(03:20)} 25. Qe5 {(05:44)} Qc6 {(04:21)} 26. f3 {
(00:42)} a5 {(08:13)} 27. b3 {(03:06)} b5 {(00:16)}
28. Kb2 {(00:48)} a4 {(07:22)} 29. b4 {(01:28)} Qc4 {
(00:12)} 30. Re3 {(02:40)} Qf1 {(05:33)} 31. Re2 {(
03:01)} Rd1 {(05:30)} 32. Qxb5 {(00:29)} Rb1+ {(04:19)}
33. Kc3 {(00:07)} Kg7 {(00:38)} 34. Qe5+ {(00:44)} Kh6 {
(00:15)} 35. Qe3+ {(01:17)} Kg7 {(02:57)} 36. Qf2 {
(00:17)} Qh1 {(01:24)} 37. Qd4+ {(04:05)} Kh6 {(00:
04)} 38. Re7 {(03:31)} Qxg2 {(00:48)} 39. Qd2+ {(00:14)}
Qxd2+ {(00:07)} 40. Kxd2 {(00:00)} Ra1 {(00:00)} 41. Re1 {
(00:59)} Rxa3 {(04:05)} 42. b5 {(00:07)} 1-0

[Event "42nd Olympiad Baku 2016 Open"]
[Site "Baku"]
[Date "2016.09.05"]
[Round "4.5"]
[White "Jumabayev, Rinat"]
[Black "Volodin, Aleksandr"]
[Result "1-0"]
[ECO "D02"]
[WhiteElo "2604"]
[BlackElo "2473"]
[Annotator ""]
[PlyCount "95"]
[EventDate "2016.??.??"]
[EventCountry "AZE"]
[SourceTitle "playchess.com"]
[Source "ChessBase"]
[WhiteTeam "Kazakhstan"]
[BlackTeam "Estonia"]
[WhiteTeamCountry "KAZ"]
[BlackTeamCountry "EST"]
[TimeControl "40/5400+30:1800+30"]

1. d4 {(00:00)} d5 {(00:00)} 2. Nf3 {(00:00)} Nf6 {
(00:49)} 3. c4 {(00:00)} e6 {(00:22)} 4. g3 {(00:
02)} Bb4+ {(00:21)} 5. Bd2 {(00:32)} Be7 {(00:07)} 6. Bg2
{(00:04)} O-O {(01:15)} 7. O-O {(00:04)} Nbd7 {(01:
07)} 8. Qc2 {(03:57)} c6 {(00:49)} 9. Rd1 {(01:19)} b6 {
(00:08)} 10. b3 {(01:27)} Bb7 {(05:26)} 11. Nc3 {(
00:05)} Rc8 {(00:40)} 12. e4 {(00:07)} dxe4 {(01:05)} 13.
Nxe4 {(02:02)} c5 {(03:08)} 14. Nxf6+ {(01:57)} Bxf6 {
(19:32)} 15. Ng5 {(04:13)} Bxg5 {(00:08)} 16. Bxb7 {
(00:21)} Rc7 {(00:14)} 17. Be4 {(28:10)} Bf6 {(22:
06)} 18. Bc3 {(07:27)} cxd4 {(03:43)} 19. Bxd4 {(00:25)}
g6 {(01:02)} 20. Rac1 {(02:49)} Bxd4 {(00:36)} 21. Rxd4 {
(00:01)} Qe7 {(02:04)} 22. Qd2 {(01:56)} Nc5 {(07:
54)} 23. Bg2 {(01:10)} Rd7 {(09:07)} 24. b4 {(11:00)} Rfd8
{(07:10)} 25. Rxd7 {(00:13)} Rxd7 {(00:12)} 26. Qc3 {
(00:25)} Na6 {(02:57)} 27. a3 {(02:34)} Nc7 {(02:
29)} 28. c5 {(10:32)} bxc5 {(00:06)} 29. Qxc5 {(00:13)}
Qxc5 {(02:10)} 30. Rxc5 {(02:59)} Kf8 {(00:49)} 31. Kf1 {
(00:22)} Ke7 {(00:26)} 32. Ke2 {(00:13)} Kd6 {(02:
40)} 33. Ra5 {(12:23)} Nd5 {(02:31)} 34. Bxd5 {(00:20)}
exd5 {(00:04)} 35. Kd3 {(00:22)} Ke5 {(02:26)} 36. f4+ {
(04:02)} Kf5 {(00:15)} 37. Kd4 {(01:17)} Kg4 {(00:
58)} 38. Rxd5 {(00:19)} Rc7 {(00:42)} 39. Rc5 {(02:18)}
Rd7+ {(00:11)} 40. Rd5 {(00:00)} Rc7 {(00:00)} 41. Re5 {
(06:15)} h5 {(04:13)} 42. Rg5+ {(14:50)} Kh3 {(03:
44)} 43. f5 {(00:05)} Rc6 {(02:17)} 44. b5 {(00:09)} Rd6+
{(13:00)} 45. Kc5 {(03:53)} Rd3 {(00:19)} 46. fxg6 {
(00:22)} fxg6 {(00:06)} 47. a4 {(00:21)} Kxh2 {(01:
35)} 48. a5 {(00:45)} 1-0